 Dungeon Crawl Stone Soup version 0.21.0-24-g2553a33 (webtiles) character file.

6136 Inarius the Frost Mage (level 10, -15/80 HPs)
             Began as a Black Draconian Ice Elementalist on Jan 19, 2018.
             Was a Believer of Nemelex Xobeh.
             Demolished by a red ugly thing (19 damage)
             ... on level 10 of the Dungeon.
             The game lasted 00:35:11 (12240 turns).

Inarius the Frost Mage (DrIE)                      Turns: 12240, Time: 00:35:12

Health: -15/80     AC: 14    Str: 11    XL:     10   Next: 59%
Magic:  5/18       EV: 14    Int: 19    God:    Nemelex Xobeh [**....]
Gold:   578        SH:  0    Dex: 11    Spells: 8/20 levels left

rFire    . . .     SeeInvis +   p - +5 dagger (elec)
rCold    . . .     Gourm    .   (no shield)
rNeg     + . .     Faith    .   (armour unavailable)
rPois    +         Spirit   .   o - +2 hat {SInv}
rElec    +         Reflect  .   A - +2 cloak
rCorr    .         Harm     .   t - +0 pair of gloves
MR       .....                  s - +0 pair of boots
Stlth    ++........             (no amulet)
HPRegen  0.23/turn              a - ring of poison resistance
MPRegen  0.16/turn              w - ring of positive energy

@: no status effects
A: breathe lightning, unfitting armour, electricity resistance, cold-blooded, AC
+7
a: Breathe Lightning, Renounce Religion


You were on level 10 of the Dungeon.
You worshipped Nemelex Xobeh.
Nemelex Xobeh was pleased with you.
You were not hungry.

You visited 2 branches of the dungeon, and saw 12 of its levels.

You collected 699 gold pieces.
You spent 121 gold pieces at shops.

Inventory:

Hand Weapons
 n - a +4 quarterstaff of chaos
 p - a +5 dagger of electrocution (weapon)
Armour
 o - a +2 hat of see invisible (worn)
 s - a +0 pair of boots (worn)
 t - a +0 pair of gloves (worn)
 A - a +2 cloak (worn)
 C - a +0 shield
Jewellery
 a - a ring of poison resistance (left hand)
 w - a ring of positive energy (right hand)
Wands
 D - a wand of digging (15)
Scrolls
 c - a scroll of enchant armour
 d - a scroll of fear
 e - 3 scrolls of immolation {unknown}
 f - 4 scrolls of blinking
 g - 3 scrolls of fog
 h - 3 scrolls of teleportation
 i - 6 scrolls of remove curse
 j - 2 scrolls of holy word {unknown}
 l - 2 scrolls of amnesia
 q - 2 scrolls of magic mapping {unknown}
Potions
 k - 3 potions of flight
 r - 3 potions of haste
 u - a potion of berserk rage
 v - a potion of magic
 x - 2 potions of brilliance
 B - 2 potions of might
Miscellaneous
 y - a legendary deck of escape
Comestibles
 b - 22 rations


   Skills:
 + Level 4.6 Fighting
 - Level 0.2 Short Blades
 - Level 5.3 Dodging
 - Level 1.7 Stealth
 * Level 2.3 Shields
 + Level 5.7 Spellcasting
 + Level 5.3 Conjurations
 + Level 1.2 Charms
 + Level 1.0 Summonings
 * Level 11.0 Ice Magic
 * Level 4.2 Invocations


You had 8 spell levels left.
You knew the following spells:

 Your Spells              Type           Power        Failure   Level  Hunger
a - Freeze                Ice            ####         1%          1    None
b - Ozocubu's Armour      Chrm/Ice       ####....     2%          3    ##.....
c - Throw Icicle          Conj/Ice       #####...     3%          4    ####...
d - Summon Ice Beast      Ice/Summ       ####....     10%         4    ####...


Dungeon Overview and Level Annotations

Branches:
Dungeon (11/15)            Temple (1/1) D:7            Lair (0/6) D:10
    Orc (0/2) D:9

Altars:
Ashenzari
Cheibriados
Dithmenos
Elyvilon
Fedhas
Gozag
Hepliaklqana
Kikubaaqudgha
Makhleb
Nemelex Xobeh
Okawaru
Qazlal
Ru
Sif Muna
Trog
Uskayaw
Vehumet
Wu Jian
Xom
Yredelemnul
Zin
The Shining One

Shops:
D:6 [   D:9 [

Annotations:
D:4 Grinder
D:11 Ratty's ghost, novice CeHu


Innate Abilities, Weirdness & Mutations

You can breathe wild blasts of lightning.
Your glossy black scales are hard. (AC +7)
You cannot fit into any form of body armour.
You are resistant to electric shocks. (rElec)
You are cold-blooded and may be slowed by cold attacks.


Message History

Your ice beast dies!
The red ugly thing gurgles horribly!
Casting: Throw Icicle
Confirm with . or Enter, or press ? or * to list all spells.
Okay, then.
You eat one of the 23 rations.
That ration really hit the spot!
Your ice beast closely misses the red ugly thing.
Casting: Throw Icicle
Confirm with . or Enter, or press ? or * to list all spells.
Aiming: Throw Icicle
Press: ? - help, Shift-Dir - straight line, f/p - red ugly thing
Aim: a red ugly thing (severely wounded)
Okay, then.
Okay, then.
Unknown command.
The red ugly thing stings you!
* * * LOW HITPOINT WARNING * * *
You are engulfed in flames!!
You die...
Your body glows with a rainbow of weird colours and disappears.

## #...........................
.# #...........................
.# #...........######..........
.#####...........'....#..########
..........######.'....#..#.......
..........#....#.#....#..'.......
..........#....#.######..#.......
...######.#....#.........#.......
...#....#.#....#@........#######.
...'....#.#....#u..............##
...#....#.#....#.................
...#....#.#....#Y................
...#....#.#....#.................
...#....#.#....#.................
...######.#....#.....#####'######
..........#....#.....#...........
##.#####.##....'.....#...........


You could see a red ugly thing and a friendly ice beast.

Vanquished Creatures
  A two-headed ogre (D:8)
  Pikel (D:6)
  Joseph (D:8)
  A komodo dragon (D:10)
  A troll (D:10)
  Prince Ribbit (D:4)
  2 hell hounds (D:10)
  3 slaves (D:6)
  2 sky beasts
  2 black bears
  3 ice beasts
  4 ogres
  5 orc warriors (D:9)
  2 centaurs
  2 big kobolds (D:9)
  2 bullfrogs
  2 gnoll sergeants
  2 scorpions
  3 howler monkeys
  6 jellies
  3 crimson imps
  2 quasits
  A bullfrog zombie (D:6)
  A bullfrog skeleton (D:6)
  5 orc priests
  7 orc wizards
  Crazy Yiuf (D:7)
  3 hounds
  Natasha (thrice) (D:4 D:6)
  4 iguanas
  8 worker ants
  A hound skeleton (D:6)
  12 gnolls
  10 adders
  3 shadow imps
  8 oozes
  3 adder skeletons
  A worm (D:2)
  2 dart slugs
  6 leopard geckos
  33 orcs
  7 giant cockroaches
  5 goblins
  7 hobgoblins
  5 jackals
  16 kobolds
  3 quokkas
  3 ball pythons
  4 bats
  2 frilled lizards (D:2)
  A leopard gecko zombie (D:5)
  2 quokka skeletons (D:4)
  4 rats
  A spectral orc (D:9)
223 creatures vanquished.

Vanquished Creatures (collateral kills)
  An ice beast (D:7)
  A sky beast (D:7)
  A bullfrog (D:8)
  A jackal skeleton (D:8)
4 creatures vanquished.

Vanquished Creatures (others)
  A slave (D:6)
  2 fungi (D:7)
3 creatures vanquished.

Grand Total: 230 creatures vanquished

Notes
Turn   | Place    | Note
-------+----------+-------------------------------------------
     0 | D:1      | Inarius the Draconian Ice Elementalist began the quest for the Orb.
     0 | D:1      | Reached XP level 1. HP: 14/14 MP: 3/3
   443 | D:1      | Reached XP level 2. HP: 20/20 MP: 3/5
  1111 | D:2      | Reached XP level 3. HP: 23/27 MP: 1/6
  1380 | D:2      | Reached skill level 4 in Ice Magic
  1439 | D:2      | Reached XP level 4. HP: 31/34 MP: 0/7
  1712 | D:2      | Found a shattered altar of Ashenzari.
  2436 | D:4      | Learned a level 3 spell: Ozocubu's Armour
  2441 | D:4      | Learned a level 4 spell: Throw Icicle
  2509 | D:3      | Reached XP level 5. HP: 25/39 MP: 3/9
  2793 | D:3      | Reached skill level 1 in Fighting
  3129 | D:3      | Reached skill level 5 in Ice Magic
  3129 | D:3      | Reached XP level 6. HP: 43/47 MP: 8/11
  3201 | D:3      | Found a deep blue altar of Sif Muna.
  3322 | D:4      | Noticed Natasha
  3333 | D:4      | Killed Natasha
  4005 | D:4      | Noticed Grinder
  4413 | D:4      | Your scales start taking on a glossy black colour.
  4413 | D:4      | Reached XP level 7. HP: 44/52 MP: 10/13
  4413 | D:4      | Gained mutation: You are resistant to electric shocks. (rElec) [Black Draconian growth]
  4636 | D:5      | Entered Level 5 of the Dungeon
  4756 | D:5      | Noticed Prince Ribbit
  4834 | D:4      | Reached skill level 6 in Ice Magic
  5086 | D:4      | Killed Prince Ribbit
  5271 | D:5      | Reached skill level 5 in Spellcasting
  5727 | D:5      | Found a blossoming altar of Fedhas.
  5969 | D:5      | Reached skill level 7 in Ice Magic
  5969 | D:5      | Reached XP level 8. HP: 60/61 MP: 15/15
  6710 | D:6      | Noticed Natasha
  6720 | D:6      | Killed Natasha
  6928 | D:6      | Noticed Pikel
  7125 | D:6      | Found Muares's Antique Armour Emporium.
  7128 | D:6      | Bought a pair of boots for 121 gold pieces
  7267 | D:6      | Noticed Natasha
  7277 | D:6      | Killed Natasha
  7353 | D:6      | Killed Pikel
  7353 | D:6      | Reached skill level 1 in Charms
  7353 | D:6      | Reached skill level 8 in Ice Magic
  7455 | D:6      | Reached XP level 9. HP: 49/67 MP: 13/16
  7485 | D:6      | Reached skill level 9 in Ice Magic
  8069 | D:7      | Found a staircase to the Ecumenical Temple.
  8075 | D:7      | Learned a level 4 spell: Summon Ice Beast
  8083 | Temple   | Entered the Ecumenical Temple
  8105 | Temple   | Became a worshipper of Nemelex Xobeh the Trickster
  8193 | D:7      | Received a gift from Nemelex Xobeh
  8249 | D:7      | Found a blossoming altar of Fedhas.
  8274 | D:7      | Reached skill level 1 in Invocations
  8306 | D:7      | Found a stormy altar of Qazlal.
  8376 | D:7      | Found an iron altar of Okawaru.
  8463 | D:7      | Noticed a two-headed ogre
  8768 | D:7      | Found a sacrificial altar of Ru.
  8951 | D:7      | Found a runed door.
  8956 | D:7      | Noticed Crazy Yiuf
  8959 | D:7      | Killed Crazy Yiuf
  9102 | D:7      | Reached skill level 1 in Summonings
  9282 | D:8      | Noticed Joseph
  9318 | D:8      | Killed Joseph
  9318 | D:8      | Reached skill level 10 in Ice Magic
  9327 | D:8      | Reached skill level 5 in Conjurations
  9457 | D:8      | Reached * piety under Nemelex Xobeh
  9551 | D:8      | Killed a two-headed ogre
  9552 | D:8      | Reached XP level 10. HP: 75/77 MP: 5/17
 10333 | D:9      | Reached skill level 5 in Dodging
 10353 | D:9      | Found a hide-covered altar of Uskayaw.
 10436 | D:9      | Found a glowing golden altar of the Shining One.
 10477 | D:9      | Reached skill level 1 in Shields
 10658 | D:9      | Found an ancient bone altar of Kikubaaqudgha.
 11022 | D:9      | Found Ymeocsoisk's Armour Shop.
 11035 | D:9      | Found a staircase to the Orcish Mines.
 11215 | D:9      | Found a basalt altar of Yredelemnul.
 11314 | D:10     | Entered Level 10 of the Dungeon
 11314 | D:10     | Reached ** piety under Nemelex Xobeh
 11502 | D:10     | Received a gift from Nemelex Xobeh
 11718 | D:10     | Found a staircase to the Lair.
 11918 | D:10     | Reached skill level 11 in Ice Magic
 12181 | D:11     | Noticed Ratty's ghost (novice CeHu)
 12218 | D:11     | Noticed an unseen horror
 12218 | D:11     | Noticed a red ugly thing
 12240 | D:10     | HP: 4/80 [red ugly thing (12)]
 12240 | D:10     | Demolished by a red ugly thing

Skill      XL: |  1  2  3  4  5  6  7  8  9 10 |
---------------+-------------------------------+-----
Dodging        | 2 3 4 5 |  5.3
Ice Magic      | 4 5 7 8 10 11 | 11.0
Spellcasting   | 3 4 5 |  5.7
Fighting       | 1 2 3 4 |  4.6
Conjurations   | 2 4 5 |  5.3
Charms         | 1 |  1.2
Invocations    | 2 4 |  4.2
Summonings     | 1 |  1.0
Shields        | 2 |  2.3
Short Blades   | |  0.2
Stealth        | |  1.7

Action                   |  1- 3 |  4- 6 |  7- 9 | 10-12 || total
-------------------------+-------+-------+-------+-------++-------
Melee: Whip              |    17 |       |       |       ||    17
       Tailslap          |     5 |     9 |    22 |    18 ||    54
       Short sword       |    34 |    56 |       |       ||    90
       Dagger            |       |    28 |   241 |   140 ||   409
       Staff             |       |     3 |       |       ||     3
       Quarterstaff      |       |       |    30 |       ||    30
 Cast: Freeze            |    38 |    79 |    68 |    24 ||   209
       Ozocubu's Armour  |       |     4 |     8 |     6 ||    18
       Throw Icicle      |       |       |     9 |    29 ||    38
       Summon Ice Beast  |       |       |     2 |     2 ||     4
 Abil: Breathe Lightning |       |       |     1 |     1 ||     2
Evoke: Deck              |       |       |     5 |       ||     5
  Use: Potion            |       |     1 |     1 |     1 ||     3
       Scroll            |       |       |    15 |     4 ||    19
 Stab: Sleeping          |     3 |     5 |     1 |     4 ||    13
       Distracted        |       |       |     1 |     1 ||     2
       Petrified         |       |       |     1 |       ||     1
  Eat: Chunk             |     2 |    10 |    11 |    13 ||    36
       Ration            |       |       |     2 |     1 ||     3
Armor: Skin              |    17 |    47 |   132 |    71 ||   267
Dodge: Dodged            |    62 |    70 |   222 |   125 ||   479
